 Dungeon Crawl Stone Soup version 0.31-a0-618-g7ca08c1ff9 (webtiles) character file.

Game seed: 5819311215973708211

172904 Newt the Crack Shot (level 18, -26/107 HPs)
             Began as a Kobold Hunter on Aug 21, 2023.
             Was a High Priest of Hepliaklqana.
             Annihilated by an alligator snapping turtle (34 damage)
             ... on level 4 of the Shoals on Aug 22, 2023.
             The game lasted 00:56:36 (37579 turns).

Newt the Crack Shot (Kobold Hunter)                Turns: 37579, Time: 00:56:37

Health: -26/107    AC: 17    Str:  7    XL:     18   Next: 68%
Magic:  25/28      EV: 23    Int: 12    God:    Hepliaklqana [*****.]
Gold:   971        SH:  5    Dex: 26    Spells: 26/31 levels left

rFire   . . .        h - +3 shortbow (freeze)
rCold   + + .        (shield currently unavailable)
rNeg    + + .        W - +3 ring mail of the Fisher {rC+ Will+ Slay+3}
rPois   .            k - +2 helmet
rElec   .            t - +1 cloak {rCorr}
rCorr   +            (no gloves)
SInv    .            S - +0 pair of boots
Will    +++..        j - amulet of reflection
Stlth   ++           l - ring of willpower
HPRegen 0.37/turn    X - ring "Lucvopua" {rC+ rN++ rCorr Str-3 Dex+3}
MPRegen 0.21/turn

%: reflection
@: lethally poisoned (-26 -> -27), studying Air Magic, very slow
A: reduced essence, small, no large weapons, nightstalker 3
a: Renounce Religion, Recall Ancestor, Ancestor Identity, Transference, Idealise


You were on level 4 of the Shoals.
You worshipped Hepliaklqana.
Hepliaklqana was extremely pleased with you.
You visited 5 branches of the dungeon, and saw 27 of its levels.
You also visited: Sewer and Ice Cave.

You collected 2535 gold pieces.
You spent 1564 gold pieces at shops.

Inventory:

Hand Weapons
 h - a +3 shortbow of freezing (weapon)
 V - a +0 demon trident of freezing
Armour
 a - the +5 robe of Paomuidd {Will- Regen+ Int+5 Stlth+}
   (You found it on level 3 of the Shoals)

   Int+5:     It affects your intelligence (+5).
   Will-:     It decreases your willpower.
   Regen+:    It increases your rate of health regeneration.
   Stlth+:    It makes you more stealthy.
 b - a +2 pair of gloves
 k - a +2 helmet (worn)
 t - a +1 cloak of preservation (worn)
 K - a +2 leather armour of fire resistance
 M - a +0 leather armour of cold resistance
 S - a +0 pair of boots (worn)
 W - the +3 ring mail of the Fisher (worn) {rC+ Will+ Slay+3}
   (You found it in an ice cave)

   Slay+3:    It affects your accuracy & damage with ranged weapons and melee
   (+3).
   rC+:       It protects you from cold.
   Will+:     It increases your willpower.
Jewellery
 c - an amulet of regeneration
 j - an amulet of reflection (around neck)
 l - a ring of willpower (left hand)
 o - a ring of positive energy
 r - a +6 ring of dexterity
 w - a ring of see invisible
 X - the ring "Lucvopua" (right hand) {rC+ rN++ rCorr Str-3 Dex+3}
   (You found it in an ice cave)

   [ring of protection from cold]

   Str-3:     It affects your strength (-3).
   Dex+3:     It affects your dexterity (+3).
   rC+:       It protects you from cold.
   rN++:      It greatly protects you from negative energy.
   rCorr:     It protects you from acid and corrosion.
Wands
 v - a wand of flame (70)
 y - a wand of digging (11)
 z - a wand of mindburst (26)
 F - a wand of paralysis (23)
 J - a wand of roots (4)
 L - a wand of acid (3)
 O - a wand of polymorph (6)
Scrolls
 g - 4 scrolls of teleportation
 p - 2 scrolls of blinking
 q - 2 scrolls of fear
 s - 4 scrolls of immolation
 A - 2 scrolls of revelation
 D - a scroll of enchant armour
 E - 2 scrolls of brand weapon
 G - 3 scrolls of enchant weapon
 H - 9 scrolls of identify
 Z - 2 scrolls of poison
Potions
 d - 4 potions of heal wounds
 e - 3 potions of mutation
 f - 3 potions of curing
 i - 8 potions of brilliance
 m - 3 potions of resistance
 u - 2 potions of cancellation
 x - 3 potions of invisibility
 C - 3 potions of ambrosia
 N - 2 potions of magic
 P - 4 potions of might
 Y - a potion of enlightenment
Miscellaneous
 n - a condenser vane (inert)
 I - a phantom mirror (inert)
 T - a lightning rod (1/4)
 U - a box of beasts (inert)


   Skills:
 - Level 15.0 Fighting
 + Level 21.4 Ranged Weapons
 - Level 9.3 Armour
 - Level 14.0 Dodging
 - Level 6.0 Stealth
 - Level 7.0 Spellcasting
 - Level 6.9 Transmutations
 - Level 9.9 Air Magic
 - Level 9.0 Invocations
 - Level 14.0 Evocations


You had 26 spell levels left.
You knew the following spells:

 Your Spells              Type           Power      Damage    Failure   Level
a - Wereblood             Tmut           20%        N/A       3%          2
b - Swiftness             Air            27%        N/A       2%          3

Your spell library contained the following spells:

 Spells                   Type           Power      Damage    Failure   Level
 Shock                    Conj/Air       64%        1d7       6%          1
 Airstrike                Air            13%        2d(2-18)  8%          4
 Poisonous Vapours        Pois/Air       32%        N/A       9%          2
 Static Discharge         Conj/Air       32%        2-4/arc   9%          2
 Sting                    Tmut/Pois      48%        1d5       11%         1
 Cigotuvi's Dreadful Rot  Necr/Pois/Air  24%        N/A       17%         2
 Magic Dart               Conj           16%        1d3       41%         1
 Ignite Poison            Fire/Tmut/Pois 9%         N/A       45%         3
 Summon Lightning Spire   Summ/Air       16%        N/A       50%         4
 Lesser Beckoning         Tloc           8%         N/A       54%         2
 Scorch                   Fire           8%         2d5       54%         2
 Searing Ray              Conj           8%         2d4       54%         2
 Sublimation of Blood     Necr           4%         N/A       54%         2
 Gell's Gravitas          Tloc           4%         N/A       78%         3
 Hailstorm                Conj/Ice       4%         3d4       78%         3
 Inner Flame              Hex/Fire       4%         N/A       78%         3
 Teleport Other           Tloc           4%         N/A       78%         3
 Freezing Cloud           Conj/Ice/Air   6%         6-21      97%         5
 Anguish                  Hex/Necr       2%         N/A       99%         4
 Animate Dead             Necr           4%         N/A       99%         4
 Cause Fear               Hex            2%         N/A       99%         4
 Flame Wave               Conj/Fire      4%         2d5       99%         4
 Fulminant Prism          Conj/Hex       2%         3d5       99%         4
 Leda's Liquefaction      Hex/Erth       2%         N/A       99%         4
 Olgreb's Toxic Radiance  Pois           4%         N/A       99%         4
 Sticky Flame             Conj/Fire      4%         2d3       99%         4
 Summon Ice Beast         Ice/Summ       4%         N/A       99%         4
 Borgnjor's Vile Clutch   Necr/Erth      2%         N/A       100%        5
 Iskenderun's Battlesphe  Conj           4%         2d6       100%        5
 Lee's Rapid Deconstruct  Erth           2%         3d4*      100%        5
 Death Channel            Necr           2%         N/A       100%        6
 Leda's Unmaking          Conj/Erth      2%         9d1       100%        6
 Simulacrum               Ice/Necr       2%         N/A       100%        6
 Summon Cactus Giant      Summ           2%         N/A       100%        6
 Enfeeble                 Hex            2%         N/A       100%        7
 Haunt                    Necr/Summ      2%         N/A       100%        7
 Spellforged Servitor     Conj/Summ      2%         N/A       100%        7
 Summon Hydra             Summ           2%         N/A       100%        7
 Infestation              Necr           2%         N/A       100%        8


Dungeon Overview and Level Annotations

Branches:
Dungeon (15/15)            Temple (1/1) D:5            Lair (5/5) D:10
 Shoals (4/4) Lair:3        Snake (0/4) Lair:2        Slime (0/5) Lair:4
    Orc (2/2) D:9             Elf (0/3) Orc:2        Vaults (0/5) D:14
  Sewer (visited)           IceCv (visited)
 Depths: D:15

Altars:
Ashenzari
Cheibriados
Dithmenos
Elyvilon
Fedhas
Gozag
Hepliaklqana
Kikubaaqudgha
Makhleb
Nemelex Xobeh
Okawaru
Qazlal
Ru
Sif Muna
Trog
Uskayaw
Vehumet
Wu Jian
Xom
Yredelemnul
Zin
The Shining One
Jiyva

Shops:
D:3 =   Orc:2 (*:[

Annotations:
D:14 3 runed translucent doors, Qymaymp's ghost, adept GrEE
Temple 2 transporters


Innate Abilities, Weirdness & Mutations

Your life essence is reduced to manifest your ancestor. (-10% HP)
You are small and have problems with some larger weapons.
You are completely attuned to the shadows.


Message History

Press: ? - help, Shift-Dir - straight line, f - titan
Aim: a titan (almost dead, unaware, hasn't noticed you)
The thunderbolt hits the titan.
The titan completely resists.
The titan is almost dead.
The titan shouts!
You feel sick.
You hear an angry hiss.
The titan waves its arms in wide circles.
The air twists around and strikes you!! You block the merfolk's attack.
Unknown command.
Unknown command.
Unknown command.
Aiming: Thunderbolt
Press: ? - help, Shift-Dir - straight line, f/p - titan
Aim: a titan (severely wounded, ally target)
The thunderbolt hits the titan.
The titan completely resists.
The titan is severely wounded.
You feel sick.
The titan gestures wildly while chanting.
The titan is healed somewhat.
The merfolk misses you.
Unknown command.
Unknown command.
Aiming: Thunderbolt
Press: ? - help, Shift-Dir - straight line, f/p - titan
Aim: a titan (heavily wounded, ally target)
The thunderbolt hits the titan.
The titan completely resists.
The titan is heavily wounded.
The thunderbolt hits the alligator snapping turtle!!
The alligator snapping turtle is lightly wounded.
You feel sick.
The titan waves its arms in wide circles.
The air twists around and strikes you!!
* * * LOW HITPOINT WARNING * * *
A merfolk javelineer comes into view.
It is wielding a +4 spear of venom and quivering silver javelins.
The wind drake flaps its wings at you. The air twists around and strikes you.
* * * LOW HITPOINT WARNING * * *
The merfolk completely misses you.
The alligator snapping turtle bites you from afar!!
You die...

#..#...~...##..####......R.####.
#..#..~~~..#...#~~.).....t..~~#.
#.†#.÷~~~..#.~.#~..[....§....~#.
#..#.~~.~#.#~~~#..####~~####..#R
#.)#.#~~~#.#~~~~..##~~~~~~##..~~
#.†#.~~~)~.#~~~~~.#~~~~~~~~#.~~~
#..#R~~..~.#§#~~~.#~~#~~#~~#.~~~
#....~~.#~.#~##~~t~)~}|φ~~~~~~~#
#....~~~.~.#~##@~C~~~) ~~~~~#
#..#.~.~~~.#~#~~mH#~~#
#..#.~~#~~.#~)~~).#~~~
#.÷#.#~.~..#~~~$.k#
#..#..~.~..#~~~#.m#
#..#..~~~..#.~.#~..
#..#..~~~..#...# ......
#(.#..#~...##..####..... #
#.†#...~...##~........# ,..


You could see an alligator snapping turtle, a titan (ally target), a merfolk
javelineer, a wind drake (repels missiles), a merfolk and a friendly mature
oxshock beast (summoned, very poisoned).

Vanquished Creatures
  Rupert (Lair:4)
  A kraken (Shoals:1)
  Polyphemus (Shoals:3)
  Kirke (D:13)
  Ilsuiw (Shoals:2)
  An azure jelly (IceCv)
  The ghost of bahustanut the Grappler, a journeyman TrSh of Cheibriados (Lair:4)
  A quicksilver ooze (IceCv)
  3 dire elephants (Lair:5)
  3 merfolk impalers
  4 merfolk javelineers
  An ettin (Orc:2)
  Josephine (D:12)
  3 vault guards (D:14)
  A merfolk avatar (Shoals:2)
  4 hydras
  10 two-headed ogres
  A catoblepas (Shoals:3)
  A death knight (D:14)
  3 merfolk aquamancers
  5 centaur warriors
  5 boulder beetles
  2 ogre magi (Orc:2)
  2 satyrs
  A tengu warrior (D:13)
  An orc high priest (Orc:1)
  3 death yaks (Lair:5)
  A spectral death yak (Lair:5)
  3 skysharks
  A spectral anaconda (Lair:5)
  The ghost of avis the Mimic, a novice MfSh of Gozag (D:6)
  A skeletal warrior (D:14)
  3 sea snakes
  A deep troll (Orc:2)
  2 glowing orange brains (D:14)
  An obsidian statue (Lair:5)
  A phantasmal warrior (D:14)
  An orc knight (D:14)
  19 harpies
  A deep elf pyromancer (D:14)
  20 ugly things
  3 necromancers (Lair:5)
  5 cyclopes
  A faun (shapeshifter) (D:14)
  6 fauns
  6 merfolk sirens
  6 manticores
  A dire elephant zombie (Lair:5)
  14 elephants
  3 black mambas
  4 water nymphs
  An ice statue (IceCv)
  A torpor snail (Lair:1)
  13 cane toads
  4 rime drakes
  Psyche (D:10)
  A freezing wraith (D:14)
  3 kobold demonologists
  An unseen horror (D:7)
  7 komodo dragons
  A tengu conjurer (D:13)
  A polar bear (Lair:5)
  3 wind drakes (Shoals:4)
  A hornet (D:8)
  10 trolls
  9 merfolk
  Grinder (D:6)
  4 snapping turtles
  4 dream sheep (Lair:1)
  12 blink frogs
  An air elemental (Shoals:4)
  20 slime creatures
  Sigmund (D:5)
  2 wyverns
  11 water elementals
  34 yaks
  5 wraiths (D:12)
  A hog (shapeshifter) (D:14)
  4 basilisks
  5 hogs (D:13)
  A steam dragon (D:7)
  A spectral cane toad (Lair:5)
  4 vampire mosquitoes (D:12)
  2 death yak simulacra (Lair:5)
  2 wargs (Orc:1)
  A warg (shapeshifter) (D:14)
  2 acid dragons
  10 water moccasins
  Pargi (Sewer)
  10 orc warriors
  A sky beast (shapeshifter) (D:14)
  3 black bears
  5 ice beasts
  3 sky beasts
  13 ogres
  3 wolves (Lair:5)
  An elephant zombie (Lair:5)
  15 centaurs
  2 slime creature simulacra (IceCv)
  A phantom (D:6)
  5 kobold brigands
  Blork the orc (D:5)
  9 bullfrogs
  3 glowing shapeshifter simulacra (IceCv)
  11 wights
  4 scorpions
  4 killer bees
  2 electric eels
  3 howler monkeys
  3 jellies
  12 orc priests
  Crazy Yiuf (D:5)
  2 hounds
  2 sleepcaps
  Ijyb (D:3)
  Terence (D:2)
  5 iguanas
  7 orc wizards
  5 shapeshifter simulacra (IceCv)
  A bullfrog simulacrum (D:6)
  A centaur simulacrum (D:6)
  3 gnolls
  7 adders
  A river rat (D:3)
  5 white imps
  2 ufetubi (D:5)
  A dart slug (D:2)
  A worm (D:3)
  44 orcs
  15 endoplasms
  5 giant cockroaches
  5 goblins
  7 hobgoblins
  4 jackals (D:5)
  16 kobolds
  5 quokkas
  16 ball pythons
  2 bats
  7 frilled lizards
  7 rats
  A spectral weapon (Shoals:4)
  A tentacle (Shoals:1)
648 creatures vanquished.

Vanquished Creatures (collateral kills)
  Bai Suzhen (Shoals:4)
  A merfolk javelineer (Shoals:4)
  2 merfolk impalers (Shoals:4)
  3 hydras
  A vault guard (D:14)
  An alligator snapping turtle (Shoals:2)
  2 merfolk avatars
  A boulder beetle (D:14)
  2 merfolk aquamancers (Shoals:4)
  5 two-headed ogres
  6 death yaks
  4 skysharks
  3 sea snakes (Shoals:3)
  A deep troll (Orc:2)
  9 harpies
  A necromancer (Lair:5)
  A lindwurm (Lair:3)
  6 ugly things
  An orc knight (Orc:1)
  6 manticores
  3 cyclopes (D:14)
  6 elephants
  An ice statue (IceCv)
  3 fauns
  A merfolk siren (Shoals:2)
  A water nymph (Shoals:4)
  3 black mambas
  3 cane toads
  3 komodo dragons
  A freezing wraith (D:14)
  3 wind drakes
  5 trolls
  A polar bear (Lair:5)
  2 blink frogs
  A merfolk (Shoals:4)
  3 snapping turtles
  3 spectral elephants (Lair:5)
  8 slime creatures
  A centaur simulacrum (D:14)
  4 air elementals (Shoals:4)
  15 yaks
  4 water elementals
  A hog (D:13)
  A basilisk (Lair:1)
  3 water moccasins
  An ice beast (D:8)
  4 orc warriors
  A sky beast (D:8)
  6 ogres (Orc:2)
  2 centaurs
  An elephant skeleton (Lair:5)
  2 slime creature simulacra (IceCv)
  A bullfrog (Lair:1)
  5 wights
  3 killer bees
  4 orc priests
  4 orc wizards
  A shapeshifter simulacrum (IceCv)
  A gnoll (Orc:2)
  7 orcs
  3 kobolds
  2 tentacles (Shoals:1)
185 creatures vanquished.

Vanquished Creatures (others)
  4 ancestors
  26 knights
  An orc (D:8)
  A spectral weapon (Shoals:4)
  11 tentacles (Shoals:1)
43 creatures vanquished.

Grand Total: 876 creatures vanquished

Notes
Turn   | Place    | Note
-------+----------+-------------------------------------------
     0 | D:1      | Newt the Kobold Hunter began the quest for the Orb.
     0 | D:1      | Reached XP level 1. HP: 12/12 MP: 1/1
   178 | D:1      | Reached XP level 2. HP: 14/18 MP: 2/2
   296 | D:1      | Reached XP level 3. HP: 23/23 MP: 3/3
  1196 | D:2      | Reached XP level 4. HP: 29/29 MP: 4/4
  1261 | D:2      | Reached skill level 6 in Ranged Weapons
  1484 | D:2      | Noticed Terence
  1495 | D:2      | Killed Terence
  1824 | D:3      | Found a faded altar of an unknown god.
  1882 | D:3      | Found Wulureel's Jewellery Shoppe.
  1981 | D:3      | Reached XP level 5. HP: 33/33 MP: 5/5
  2026 | D:3      | Found a glowing drain.
  2035 | Sewer    | Entered a sewer
  2059 | Sewer    | Reached skill level 7 in Ranged Weapons
  2061 | Sewer    | Noticed Pargi
  2066 | Sewer    | Killed Pargi
  2067 | Sewer    | Reached skill level 8 in Ranged Weapons
  2067 | Sewer    | Reached XP level 6. HP: 38/38 MP: 6/6
  2846 | D:3      | Noticed Ijyb
  2869 | D:3      | Killed Ijyb
  3200 | D:4      | Reached skill level 9 in Ranged Weapons
  3259 | D:4      | Noticed an ogre
  3275 | D:4      | Reached XP level 7. HP: 43/43 MP: 7/7
  3288 | D:4      | Reached skill level 10 in Ranged Weapons
  3878 | D:5      | Entered Level 5 of the Dungeon
  3894 | D:5      | Noticed Sigmund
  3904 | D:5      | Reached skill level 5 in Dodging
  3928 | D:4      | Reached XP level 8. HP: 23/48 MP: 8/8
  4064 | D:5      | Killed Sigmund
  4065 | D:5      | Reached skill level 5 in Fighting
  4177 | D:5      | Noticed Blork the orc
  4194 | D:5      | Killed Blork the orc
  4527 | D:5      | Found an opulent altar of Gozag.
  4527 | D:5      | Found a shadowy altar of Dithmenos.
  4588 | D:5      | Found a glowing silver altar of Zin.
  4804 | D:5      | Found a runed translucent door.
  4807 | D:5      | Noticed Crazy Yiuf
  4811 | D:5      | Killed Crazy Yiuf
  4868 | D:5      | Found a staircase to the Ecumenical Temple.
  4891 | Temple   | Found a transporter.
  4891 | Temple   | Found a transporter.
  4891 | Temple   | Found a transporter.
  4891 | Temple   | Found a transporter.
  4891 | Temple   | Entered the Ecumenical Temple
  4907 | Temple   | Became a worshipper of Hepliaklqana the Forgotten
  4956 | D:6      | Found a runed translucent gate.
  4958 | D:6      | Found a runed translucent gate.
  4959 | D:6      | Found a runed translucent gate.
  5026 | D:6      | Reached XP level 9. HP: 59/59 MP: 9/9
  5556 | D:6      | Noticed Grinder
  5565 | D:6      | Paralysed by Grinder for 5 turns
  5579 | D:6      | Killed Grinder
  5580 | D:6      | Reached skill level 11 in Ranged Weapons
  5769 | D:6      | Reached skill level 12 in Ranged Weapons
  6353 | D:7      | Reached skill level 13 in Ranged Weapons
  6526 | D:7      | Found an ancient bone altar of Kikubaaqudgha.
  6526 | D:7      | Found a stormy altar of Qazlal.
  6653 | D:7      | Reached * piety under Hepliaklqana
  6697 | D:7      | Noticed an unseen horror
  6708 | D:7      | Killed an unseen horror
  6709 | D:7      | Reached skill level 14 in Ranged Weapons
  6709 | D:7      | Reached XP level 10. HP: 48/57 MP: 10/10
  6813 | D:6      | Noticed avis's ghost (novice MfSh)
  6864 | D:6      | Killed avis's ghost
  7168 | D:8      | Noticed a komodo dragon
  7178 | D:8      | Killed a komodo dragon
  7417 | D:8      | Reached XP level 11. HP: 61/61 MP: 11/11
  7971 | D:9      | Reached skill level 15 in Ranged Weapons
  8172 | D:9      | Reached ** piety under Hepliaklqana
  8173 | D:9      | Remembered your ancestor Tenoch as a knight
  8542 | D:9      | Reached skill level 16 in Ranged Weapons
  8947 | D:9      | Found a staircase to the Orcish Mines.
  9174 | D:10     | Entered Level 10 of the Dungeon
  9227 | D:10     | Noticed a cyclops
  9230 | D:10     | Killed a cyclops
  9242 | D:10     | Reached skill level 17 in Ranged Weapons
  9280 | D:10     | Noticed Psyche
  9284 | D:10     | Killed Psyche
  9326 | D:10     | Noticed a cyclops
  9340 | D:10     | Killed a cyclops
  9703 | D:10     | Found a staircase to the Lair.
 10047 | D:11     | Reached skill level 18 in Ranged Weapons
 10048 | D:11     | Noticed a boulder beetle
 10081 | D:11     | Killed a boulder beetle
 10082 | D:11     | Reached skill level 5 in Stealth
 10082 | D:11     | Reached XP level 12. HP: 52/65 MP: 12/12
 10180 | D:11     | Found a frozen archway.
 10219 | IceCv    | Entered an ice cave
 10471 | IceCv    | Reached skill level 10 in Evocations
 11838 | IceCv    | Reached skill level 10 in Fighting
 12040 | IceCv    | Noticed a quicksilver ooze
 12045 | IceCv    | Killed a quicksilver ooze
 12045 | IceCv    | Noticed an azure jelly
 12054 | IceCv    | Killed an azure jelly
 12202 | IceCv    | Found a viscous altar of Jiyva.
 12218 | IceCv    | Identified the +3 ring mail of the Fisher {rC+ Will+
                  | Slay+3}
 12223 | IceCv    | Got the ring "Lucvopua" {rC+ rN++ rCorr Str-3 Dex+3}
 12327 | D:11     | Noticed a boulder beetle
 12350 | D:11     | Killed a boulder beetle
 12626 | D:11     | Reached XP level 13. HP: 76/76 MP: 13/13
 12650 | D:11     | Reached skill level 1 in Invocations
 12847 | D:11     | Identified the +0 ring mail of the Stars {rCorr Int+2}
 12912 | D:11     | Reached *** piety under Hepliaklqana
 14041 | D:12     | Reached skill level 5 in Invocations
 14455 | D:12     | Noticed Josephine
 14465 | D:12     | Killed Josephine
 15087 | D:10     | Reached skill level 1 in Armour
 15094 | Lair:1   | Entered Level 1 of the Lair of Beasts
 15235 | Lair:1   | Reached **** piety under Hepliaklqana
 16216 | Lair:2   | Noticed a five-headed hydra
 16223 | Lair:2   | Killed a five-headed hydra
 16224 | Lair:2   | Reached skill level 5 in Armour
 16286 | Lair:2   | Reached XP level 14. HP: 79/82 MP: 20/20
 16349 | Lair:2   | Found a staircase to the Snake Pit.
 17952 | Lair:3   | Reached ***** piety under Hepliaklqana
 18546 | Lair:3   | Found a staircase to the Shoals.
 19036 | Lair:4   | Found a viscous altar of Jiyva.
 19036 | Lair:4   | Found a staircase to the Slime Pits.
 19437 | Lair:4   | Found a runed translucent gate.
 19437 | Lair:4   | Found a runed translucent gate.
 19438 | Lair:4   | Found a runed translucent gate.
 19440 | Lair:4   | Noticed bahustanut's ghost (journeyman TrSh)
 19571 | Lair:4   | Noticed Rupert
 19587 | Lair:4   | Killed Rupert
 20589 | Lair:4   | Killed bahustanut's ghost
 20821 | Lair:4   | Identified the +0 plate armour "Sius" {Int+3}
 20866 | Lair:5   | Entered Level 5 of the Lair of Beasts
 21421 | Lair:5   | Reached XP level 15. HP: 76/86 MP: 21/21
 21595 | Lair:5   | Identified the +0 dagger of Massacring {heavy, rF+}
 23081 | Lair:5   | Reached skill level 10 in Dodging
 24890 | Orc:1    | Entered Level 1 of the Orcish Mines
 25764 | Orc:2    | Entered Level 2 of the Orcish Mines
 25780 | Orc:2    | Found a staircase to the Elven Halls.
 25811 | Orc:2    | Reached XP level 16. HP: 75/90 MP: 22/22
 26116 | Orc:2    | Reached skill level 1 in Spellcasting
 26465 | Orc:2    | Found Mifax's Book Shop.
 26470 | Orc:2    | Bought a book of Blood for 364 gold pieces
 26471 | Orc:2    | Found Jiulem's Antique Armour Emporium.
 26476 | Orc:2    | Bought a pair of runed gloves for 240 gold pieces
 26505 | Orc:2    | Found Ewnetzin's General Store.
 26510 | Orc:2    | Bought a potion of haste for 130 gold pieces
 26526 | Orc:2    | Found Marirch's Weapon Shop.
 26531 | Orc:2    | Bought a +3 heavy shortbow for 246 gold pieces
 26772 | Orc:2    | Reached skill level 5 in Spellcasting
 27044 | Orc:2    | Bought a glowing helmet for 240 gold pieces
 27044 | Orc:2    | Bought an embroidered cloak for 240 gold pieces
 27069 | Orc:2    | Bought a potion of heal wounds for 65 gold pieces
 27069 | Orc:2    | Bought a scroll of teleportation for 39 gold pieces
 27743 | D:13     | Noticed Kirke
 27760 | D:13     | Killed Kirke
 27764 | D:13     | Learned a level 2 spell: Wereblood
 27830 | D:13     | Reached skill level 1 in Transmutations
 28342 | D:14     | Found a runed translucent gate.
 28343 | D:14     | Found a runed translucent gate.
 28344 | D:14     | Found a runed translucent gate.
 28517 | D:14     | Reached skill level 5 in Transmutations
 28791 | D:14     | Found a gate to the Vaults.
 29191 | D:14     | Reached skill level 1 in Air Magic
 29336 | D:14     | Reached XP level 17. HP: 89/95 MP: 27/27
 29455 | D:14     | Learned a level 3 spell: Swiftness
 29632 | D:14     | Reached skill level 5 in Air Magic
 29682 | D:14     | Found a runed translucent gate.
 29682 | D:14     | Found a runed translucent gate.
 29683 | D:14     | Found a runed translucent gate.
 29702 | D:14     | Noticed Qymaymp's ghost (adept GrEE)
 29703 | D:14     | Noticed a tentacled monstrosity
 29735 | D:15     | Entered Level 15 of the Dungeon
 31315 | Shoals:1 | Entered Level 1 of the Shoals
 32650 | Shoals:1 | Noticed a kraken
 32668 | Shoals:1 | Killed a kraken
 32823 | Shoals:1 | Reached ****** piety under Hepliaklqana
 32824 | Shoals:1 | Found a basalt altar of Yredelemnul.
 33449 | Shoals:2 | Noticed Ilsuiw
 33717 | Shoals:2 | Reached skill level 15 in Fighting
 33910 | Shoals:2 | Killed Ilsuiw
 34220 | Shoals:2 | Reached XP level 18. HP: 81/107 MP: 26/28
 34812 | Shoals:3 | Reached skill level 19 in Ranged Weapons
 35061 | Shoals:3 | Noticed Polyphemus
 35068 | Shoals:3 | Killed Polyphemus
 35418 | Shoals:3 | Identified the +5 robe of Paomuidd {Will- Regen+ Int+5
                  | Stlth+}
 35887 | Shoals:4 | Entered Level 4 of the Shoals
 36056 | Shoals:4 | Paralysed by an air elemental for 1 turns
 36169 | Shoals:4 | Paralysed by an air elemental for 1 turns
 36180 | Shoals:4 | Reached skill level 20 in Ranged Weapons
 36388 | Shoals:4 | Noticed Bai Suzhen
 36403 | Shoals:4 | Killed Bai Suzhen
 36618 | Shoals:4 | Paralysed by an air elemental for 1 turns
 36947 | Shoals:4 | Noticed a titan
 37052 | Shoals:4 | Reached skill level 21 in Ranged Weapons
 37300 | Shoals:4 | Upgraded the game from 0.31-a0-609-g7bf6ffcfed to
                  | 0.31-a0-618-g7ca08c1ff9
 37579 | Shoals:4 | Annihilated by an alligator snapping turtle

Illustrated notes

Levels and vault maps discovered:
D:1:      dpeg_chamrin_arrival_tetris, layout_loops_ring, chequers_big_river
D:2:      layout_loops_cross, uniq_terence
D:3:      layout_basic, gup_sewer_entry_bubbles, serial_shops,
          nicolae_diamond_shop, serial_forest, infiniplex_forest_end_1,
          infiniplex_forest_lined_3_way, infiniplex_forest_lined_corner,
          infiniplex_forest_lined_room_3, infiniplex_forest_straight_2,
          infiniplex_forest_zigzag_1, infiniplex_forest_lined_4_way,
          hellmonk_ecumenical_altar_lost_god, uniq_ijyb
D:4:      layout_basic, minivault_25, minmay_misc_feat_iff,
          minmay_joined_circles
D:5:      layout_cave_pools, zin_statuary, gammafunk_temple_overflow_elements,
          minmay_temple_entry_nine_rooms, uniq_sigmund, uniq_blork_the_orc,
          uniq_crazy_yiuf_cottage
D:6:      layout_basic, gammafunk_ghost_icy, uniq_grinder
D:7:      layout_rooms, gammafunk_temple_overflow_pools
D:8:      layout_rooms, grunt_ministairs_4, amcnicky_mini_rare_corridor_liquid
D:9:      layout_layer_cave, minmay_orc_entry_temple_small, serial_park_tiny_1
D:10:     layout_cross, david_lair_shrubbed, blue_anna_alchemist, uniq_psyche
D:11:     layout_layer_cave, portal_ice_cave_rime, kennysheep_nondescript
D:12:     layout_rooms, uniq_josephine
D:13:     layout_loops_ring, uniq_kirke
D:14:     layout_gridville, lightli_vaults_fourway_checkpoint,
          ploomutoo_gammafunk_ghost_potion_laboratory, corexii_hall_statues_t
D:15:     grunt_enter_depths_snipers, layout_layer_cave, reono_crystal_passage
Temple:   hellmonk_temple_divided_pantheon
Lair:1:   layout_loops_ring, minmay_stone_trees_small, serial_bayou_ford_a,
          serial_bayou_shore_b, lemuel_fruit_tree, grunt_megastairs_5,
          serial_bayou_shore_a
Lair:2:   layout_big_grid, dummy_snake_entry
Lair:3:   layout_regular_city, minmay_shoals_entry_hut, serial_forest,
          infiniplex_forest_pool, infiniplex_forest_clump_small,
          infiniplex_forest_lined_2, infiniplex_forest_clump_long,
          infiniplex_forest_corner_1, infiniplex_forest_clump_small,
          infiniplex_forest_clump_tiny, infiniplex_forest_clump_diagonal,
          nzn_sisyphean_effort
Lair:4:   layout_cave_pods, dpeg_slime_entry_enclosed,
          gammafunk_ghost_hydra_chop, uniq_rupert
Lair:5:   due_jungle_book, layout_regular_city, grunt_megastairs_4
Shoals:1: layout_shoals, lemuel_centaur_altar
Shoals:2: layout_shoals, uniq_ilsuiw
Shoals:3: layout_shoals, uniq_polyphemus
Shoals:4: shoals_end_hellmonk_storm_palace [storm_palace_center_square,
          storm_palace_corner_grid, storm_palace_corner_blocked,
          storm_palace_corner_reverse_hut, storm_palace_corner_pillars],
          uniq_bai_suzhen
Orc:1:    layout_caves
Orc:2:    st_orc_open, layout_caves, david_defended_altar_orc

Skill      XL: |  1  2  3  4  5  6  7  8  9 10 11 12 13 14 15 16 17 18 |
---------------+-------------------------------------------------------+-----
Fighting       | 3 4 8 11 12 15 | 15.0
Ranged Weapons | 6 8 9 10 14 18 21 | 21.4
Dodging        | 5 8 13 14 | 14.0
Evocations     | 2 8 10 14 | 14.0
Stealth        | 5 6 |  6.0
Invocations    | 9 |  9.0
Armour         | 5 7 9 |  9.3
Spellcasting   | 7 |  7.0
Transmutations | 6 |  6.9
Air Magic      | 3 9 |  9.9

Action                     |  1- 3 |  4- 6 |  7- 9 | 10-12 | 13-15 | 16-18 || total
---------------------------+-------+-------+-------+-------+-------+-------++-------
   Fire: Shortbow          |    67 |   161 |   324 |   696 |  1047 |  1108 ||  3403
  Throw: Throwing net      |       |       |       |       |     1 |       ||     1
   Cast: Wereblood         |       |       |       |       |       |    18 ||    18
         Swiftness         |       |       |       |       |       |     2 ||     2
 Invoke: Ancestor Life: Kn |       |       |       |     1 |       |       ||     1
         Recall Ancestor   |       |       |       |       |     4 |     8 ||    12
         Idealise          |       |       |       |       |     2 |     3 ||     5
  Evoke: Condenser vane    |       |     1 |     1 |     2 |     2 |     3 ||     9
         Wand              |       |       |     1 |     2 |     7 |    14 ||    24
         Phantom mirror    |       |       |       |       |     1 |     2 ||     3
         Lightning rod     |       |       |       |       |     4 |     9 ||    13
         Box of beasts     |       |       |       |       |       |     2 ||     2
    Use: Scroll            |     5 |     6 |     3 |     8 |     8 |     6 ||    36
         Potion            |     1 |     1 |     1 |     4 |     1 |     4 ||    12
 Armour: Leather armour    |     1 |     7 |       |     1 |       |       ||     9
         Troll leather arm |       |     6 |    27 |    22 |       |       ||    55
         Ring mail         |       |       |       |     2 |   136 |   105 ||   243
  Dodge: Dodged            |    10 |    54 |   143 |   178 |   363 |   421 ||  1169
  Block: Other             |     1 |    23 |    32 |    37 |    89 |    83 ||   265
         Reflection        |       |     1 |       |     4 |     2 |    20 ||    27

Table legend: (Time is in decaauts)
 A = Elapsed time spent in this place.
 B = Non-inter-level travel time spent in this place.
 C = Inter-level travel time spent in this place.
 D = Time resting spent in this place.
 E = Time spent auto-exploring this place.
 F = Levels seen in this place.
 G = Mean time per level.
                   A        B        C        D        E       F      G
               +--------+--------+--------+--------+--------+-----+--------+
         Total |  37669 |  35872 |   1797 |  10848 |  19692 |  29 | 1298.9 |
       Dungeon |  17025 |  15912 |   1113 |   3348 |  10154 |  15 | 1135.0 |
        Temple |     31 |     23 |      8 |      0 |      0 |   1 |   31.0 |
          Lair |   9818 |   9394 |    424 |   3177 |   5099 |   5 | 1963.6 |
        Shoals |   6552 |   6408 |    144 |   2219 |   3215 |   4 | 1638.0 |
  Orcish Mines |   1855 |   1749 |    106 |    544 |    865 |   2 |  927.5 |
         Sewer |    346 |    346 |      0 |    100 |    181 |   1 |  346.0 |
      Ice Cave |   2039 |   2039 |      0 |   1460 |    176 |   1 | 2039.0 |
               +--------+--------+--------+--------+--------+-----+--------+

Top non-repeatable levels by time:
  Lair:5: 3069 daAuts
  Lair:4: 2774 daAuts
    D:14: 2713 daAuts
Shoals:1: 2260 daAuts
   IceCv: 2039 daAuts
    D:11: 2000 daAuts
Shoals:4: 1686 daAuts
  Lair:3: 1654 daAuts
     D:9: 1574 daAuts
Shoals:3: 1483 daAuts
     D:6: 1224 daAuts
  Lair:1: 1183 daAuts
  Lair:2: 1136 daAuts
Shoals:2: 1122 daAuts
     D:3: 1081 daAuts
